 Dungeon Crawl Stone Soup version 0.31-a0-986-g5e6e4ef867 (webtiles) character file.

Game seed: 10973593721118072046

65 MasterT the Firebug (level 3, -1/27 HPs)
             Began as a Draconian Fire Elementalist on Nov 23, 2023.
             Killed by nerve-wracking pain
             ... invoked by an orc priest
              (12 damage)
             ... on level 3 of the Dungeon.
             The game lasted 00:21:07 (1443 turns).

MasterT the Firebug (Draconian Fire Elementalist)   Turns: 1443, Time: 00:21:07

Health: -1/27      AC:  5    Str: 10    XL:     3   Next: 92%
Magic:  5/6        EV: 12    Int: 17    God:
Gold:   71         SH:  0    Dex: 11    Spells: 5/6 levels left

rFire   . . .        l - +0 short sword
rCold   . . .        (no shield)
rNeg    . . .        (body armour unavailable)
rPois   .            (helmet restricted)
rElec   .            (no cloak)
rCorr   .            (no gloves)
SInv    .            (no boots)
Will    .....        (no amulet)
Stlth   ++           (no ring)
HPRegen 0.24/turn    (no ring)
MPRegen 0.10/turn

%: no passive effects
@: no status effects
A: AC +5, unfitting armour, cold-blooded
a: no special abilities


You were on level 3 of the Dungeon.
You visited 1 branch of the dungeon, and saw 3 of its levels.

You collected 71 gold pieces.

Inventory:

Hand Weapons
 i - a +0 sling
 k - a +0 dagger
 l - a +0 short sword (weapon)
 p - a +0 club
 t - a +0 spear
Missiles
 d - 30 stones (quivered)
Armour
 b - a +0 leather armour
 f - a +0 robe
 v - a +0 helmet
Magical Staves
 n - a staff of conjuration
Jewellery
 w - a +6 ring of strength
Scrolls
 e - a scroll of teleportation
 h - a scroll of poison {unknown}
 o - a scroll of revelation {unknown}
 q - a scroll of identify {unknown}
 r - a scroll of enchant weapon {unknown}
 s - a scroll of noise {unknown}
 u - a scroll of fog {unknown}
 x - a scroll of immolation {unknown}
Potions
 a - a potion of magic
 c - 3 potions of curing {unknown}
 g - a potion of invisibility {unknown}
 j - a potion of attraction {unknown}
 m - a potion of degeneration {unknown}


   Skills:
 + Level 0.9 Fighting
 + Level 1.1 Short Blades
 + Level 0.5 Ranged Weapons
 + Level 2.2 Dodging
 + Level 2.0 Stealth
 + Level 2.2 Spellcasting
 + Level 1.0 Conjurations
 + Level 3.6 Fire Magic


You had 5 spell levels left.
You knew the following spells:

 Your Spells              Type           Power      Damage    Failure   Level
a - Foxfire               Conj/Fire      36%        2x1d5     8%          1

Your spell library contained the following spells:

 Spells                   Type           Power      Damage    Failure   Level
 Scorch                   Fire           28%        2d6       6%          2
 Inner Flame              Hex/Fire       8%         N/A       26%         3
 Volatile Blastmotes      Fire/Tloc      16%        2d11      26%         3
 Flame Wave               Conj/Fire      9%         2d6       58%         4


Dungeon Overview and Level Annotations

Branches:
Dungeon (3/15)

Altars:


Innate Abilities, Weirdness & Mutations

Your plain brown scales are hard. (AC +5)
You cannot fit into any form of body armour.
You are cold-blooded and may be slowed by cold attacks.


Message History

You hit the giant cockroach but do no damage.
The bat hits you but does no damage. The giant cockroach barely misses you.
You closely miss the giant cockroach. The bat barely misses you.
The giant cockroach closely misses you.
You barely miss the giant cockroach. The bat closely misses you.
The giant cockroach barely misses you. The giant cockroach bites you.
You hit the giant cockroach but do no damage.
The bat closely misses you. The giant cockroach barely misses you.
You hit the giant cockroach.
The giant cockroach is heavily wounded.
The bat hits you but does no damage. x2
The giant cockroach bites you but does no damage.
You hit the giant cockroach.
The giant cockroach is almost dead.
The bat hits you but does no damage. The giant cockroach misses you.
You completely miss the giant cockroach.
The giant cockroach is almost dead.
The bat hits you but does no damage. The giant cockroach misses you.
You hit the giant cockroach.
You kill the giant cockroach!
The bat hits you.
You hit the bat.
You kill the bat!
An orc priest comes into view. It is wielding a +0 falchion.
The orc priest shouts!
You hear a shout!
An orc comes into view. It is wielding a +0 club.
The orc priest mumbles some strange prayers to Beogh against you.
Pain shoots through your body!
The orc priest calls down the wrath of Beogh upon you.
Beogh smites you!
The orc priest mumbles some strange prayers to Beogh against you.
You barely resist.
A rat comes into view.
An orc comes into view. It is wielding a +0 hand axe.
Casting: Foxfire (safe; 8% risk of failure)
Confirm with . or Enter, or press ? or * to list all spells.
You conjure some foxfire!
The orc priest calls down the wrath of Beogh upon you.
Pain shoots through your body!
You die...

................#
#. . .....#...#
#..#.#..#.#†..#
##.#.#..#.#...#
........#.#...#
r....#....#...#
........#.....#
......v..o..#.#
.......@......#
....#.#.v...###
..^...#####.# #
#.# ### #. o .


You could see an orc priest (ally target) and a rat (asleep).

Vanquished Creatures
  An adder (D:2)
  A worm (D:2)
  2 dart slugs (D:1)
  4 ball pythons
  5 bats
  4 endoplasms
  3 giant cockroaches
  A goblin (D:2)
  5 hobgoblins
  6 jackals
  5 kobolds
  A quokka (D:2)
  A frilled lizard (D:2)
  2 rats
41 creatures vanquished.

Vanquished Creatures (others)
  26 foxfires
26 creatures vanquished.

Grand Total: 67 creatures vanquished

Notes
Turn   | Place    | Note
-------+----------+-------------------------------------------
     0 | D:1      | MasterT the Draconian Fire Elementalist began the quest for
                  | the Orb.
     0 | D:1      | Reached XP level 1. HP: 14/14 MP: 3/3
   291 | D:1      | Found a faded altar of an unknown god.
   370 | D:1      | Reached XP level 2. HP: 18/20 MP: 3/5
   810 | D:1      | Reached XP level 3. HP: 26/26 MP: 4/6
  1152 | D:2      | Reached skill level 1 in Short Blades
  1443 | D:3      | Killed from afar by an orc priest

Illustrated notes

Levels and vault maps discovered:
D:1:      heliophobic_arrival_henge, layout_loops_ring,
          shapermc_ecumenical_altar_pompeii
D:2:      layout_rooms, nicolae_eternal_life
D:3:      layout_basic, serial_shops, nicolae_square_shop

Skill      XL: |  1  2  3 |
---------------+----------+-----
Dodging        | 2 |  2.2
Short Blades   | 1 |  1.1
Stealth        | 2 |  2.0
Fighting       | |  0.9
Ranged Weapons | |  0.5
Spellcasting   | |  2.2
Conjurations   | |  1.0
Fire Magic     | |  3.6

Action                     || total
---------------------------++-------
  Melee: Unarmed           ||    16
         Tailslap          ||    15
         Short sword       ||   140
         Dagger            ||     3
         Punch             ||     1
   Fire: Sling             ||    19
  Throw: Stone             ||     9
   Cast: Foxfire           ||    19
    Use: Scroll            ||     1
         Potion            ||     1
   Stab: Distracted        ||     1
         Sleeping          ||     1
 Armour: Skin              ||   136
  Dodge: Dodged            ||   164

Table legend: (Time is in decaauts)
 A = Elapsed time spent in this place.
 B = Non-inter-level travel time spent in this place.
 C = Inter-level travel time spent in this place.
 D = Time resting spent in this place.
 E = Time spent auto-exploring this place.
 F = Levels seen in this place.
 G = Mean time per level.
                   A        B        C        D        E       F      G
               +--------+--------+--------+--------+--------+-----+--------+
         Total |   1455 |    728 |    727 |    160 |     85 |   3 |  485.0 |
       Dungeon |   1455 |    728 |    727 |    160 |     85 |   3 |  485.0 |
               +--------+--------+--------+--------+--------+-----+--------+

Top non-repeatable levels by time:
     D:1: 848 daAuts
     D:2: 579 daAuts
     D:3: 28 daAuts
